 Dungeon Crawl Stone Soup version 0.30-a0-738-g116ff8c4af (webtiles) character file.

Game seed: 12239620654184796733

164 Ajdolov the Slasher (level 5, -1/29 HPs)
             Began as a Vine Stalker Fighter on Feb 3, 2023.
             Slain by a black bear (3 damage)
             ... on level 4 of the Dungeon.
             The game lasted 00:04:48 (2219 turns).

Ajdolov the Slasher (Vine Stalker Fighter)          Turns: 2219, Time: 00:04:49

Health: -1/29      AC:  8    Str: 20    XL:     5   Next: 45%
Magic:  0/6        EV:  9    Int:  8    God:
Gold:   225        SH:  4    Dex: 14    Spells: 4/4 levels left

rFire   . . .      SeeInvis +    i - +0 rapier (freeze)
rCold   + . .      Faith    .    c - +0 buckler
rNeg    . . .      Spirit   +    b - +0 scale mail
rPois   .          Reflect  .    (no helmet)
rElec   .          Harm     .    (no cloak)
rCorr   .          Rampage  .    f - +0 pair of gloves
Will    .....                    o - +0 pair of boots Stlth
                                 m - amulet of the acrobat
HPRegen 1.04/turn                e - ring of see invisible
MPRegen 0.10/turn                j - ring of protection from cold

@: no status effects
A: fangs 2, regeneration 1, magic shield, antimagic bite, no potion heal 2
a: no special abilities


You were on level 4 of the Dungeon.
You visited 1 branch of the dungeon, and saw 4 of its levels.

You collected 225 gold pieces.

Inventory:

Hand Weapons
 a - a +0 long sword
 i - a +0 rapier of freezing (weapon)
Armour
 b - a +0 scale mail (worn)
 c - a +0 buckler (worn)
 f - a +0 pair of gloves (worn)
 o - a +0 pair of boots (worn)
Jewellery
 e - a ring of see invisible (left hand)
 j - a ring of protection from cold (right hand)
 m - an amulet of the acrobat (around neck)
 r - a ring of wizardry
Scrolls
 g - a scroll of brand weapon {unknown}
 h - a scroll of noise {unknown}
 k - 4 scrolls of teleportation {unknown}
 p - a scroll of torment {unknown}
 q - a scroll of immolation {unknown}
 s - 3 scrolls of enchant weapon {unknown}
 u - 5 scrolls of identify {unknown}
 y - a scroll of amnesia {unknown}
 z - a scroll of summoning {unknown}
Potions
 d - a potion of might
 l - 5 potions of curing {unknown}
 n - a potion of mutation {unknown}
 t - 2 potions of degeneration {unknown}
 v - a potion of flight {unknown}
 w - a potion of heal wounds {unknown}
 x - a potion of brilliance {unknown}
 A - a potion of attraction {unknown}


   Skills:
 + Level 3.7 Fighting
 * Level 4.2 Long Blades
 - Level 2.4 Armour
 - Level 2.6 Shields


You had 4 spell levels left.
You didn't know any spells.
Your spell library contained the following spells:

 Spells                   Type           Power      Damage    Failure   Level
 Kiss of Death            Conj/Necr      0%         2d5       86%         1
 Confusing Touch          Hex            0%         N/A       99%         3
 Dispel Undead            Necr           0%         3d6       100%        4


Dungeon Overview and Level Annotations

Branches:
Dungeon (4/15)
 Temple: D:4-7

Altars:

Shops:
D:2 =


Innate Abilities, Weirdness & Mutations

You have extremely sharp teeth.
Your natural rate of healing is unusually fast.
When hurt, damage is shared between your health and your magic reserves.
Your bite disrupts and absorbs the magic of your enemies.
Potions cannot restore your health.


Message History

You hit the black bear. You freeze the black bear. You bite the black bear.
You drain its power.
The black bear is severely wounded.
You block the black bear's attack. x2; The black bear claws you.
You hit the black bear. You freeze the black bear.
The black bear is almost dead.
The black bear goes berserk!
You hit the black bear but do no damage.
Your bite misses the black bear.
The black bear is almost dead.
The black bear bites you!
The black bear claws you but does no damage. x2
The black bear bites you.
The black bear claws you but does no damage. x2
You hit the black bear. You freeze the black bear.
The black bear is almost dead.
The black bear closely misses you. You block the black bear's attack.
The black bear barely misses you.
You hit the black bear but do no damage.
Your bite misses the black bear.
The black bear is almost dead.
The black bear closely misses you. You block the black bear's attack.
The black bear claws you.
The black bear bites you but does no damage.
The black bear barely misses you. The black bear claws you.
You hit the black bear. You freeze the black bear.
Your bite misses the black bear.
The black bear is almost dead.
You block the black bear's attack. The black bear closely misses you.
The black bear claws you but does no damage.
The black bear bites you!
* * * LOW HITPOINT WARNING * * *
The black bear claws you but does no damage.
The black bear closely misses you.
You barely miss the black bear.
The black bear is almost dead.
The black bear bites you.
* * * LOW HITPOINT WARNING * * *
The black bear claws you.
You die...

.......#.# #.#.#
.......#.. ..#.#
.......#.. ..#.#
.......##....#.#
.......# .. #.#
#.# #.# #.#####
##ch@..#
#..###....# #.##
##... #.# # #..
#... ..#..
..#... #.#.#..


You could see a black bear (berserk) and a centaur.

Vanquished Creatures
  An iguana (D:4)
  6 adders
  5 dart slugs
  8 orcs
  5 endoplasms
  2 giant cockroaches
  6 goblins
  6 hobgoblins
  3 quokkas
  6 ball pythons
  3 bats
  4 frilled lizards
  7 kobolds
  6 rats
68 creatures vanquished.

Notes
Turn   | Place    | Note
-------+----------+-------------------------------------------
     0 | D:1      | Ajdolov the Vine Stalker Fighter began the quest for the
                  | Orb.
     0 | D:1      | Reached XP level 1. HP: 11/11 MP: 2/2
    16 | D:1      | Reached skill level 2 in Long Blades
    64 | D:1      | Reached XP level 2. HP: 2/16 MP: 0/3
   281 | D:1      | Reached XP level 3. HP: 20/20 MP: 2/4
   643 | D:2      | Reached skill level 3 in Long Blades
  1119 | D:2      | Found Zopsi's Jewellery Emporium.
  1206 | D:3      | Gained mutation: Your natural rate of healing is unusually
                  | fast. [Vine Stalker growth]
  1206 | D:3      | Reached XP level 4. HP: 20/20 MP: 5/5
  2053 | D:4      | Reached XP level 5. HP: 28/28 MP: 6/6
  2088 | D:4      | Reached skill level 4 in Long Blades
  2203 | D:4      | Noticed a black bear
  2204 | D:4      | Noticed a centaur
  2219 | D:4      | Slain by a black bear

Illustrated notes

Levels and vault maps discovered:
D:1:      minmay_arrival_radiant_lines, layout_rooms, hex_large,
          nrook_mini_vaults, feat_on_display
D:2:      layout_basic, serial_shops, shop
D:3:      layout_loops_corners
D:4:      layout_basic, minmay_temple_entry_arrows

Skill      XL: |  1  2  3  4  5 |
---------------+----------------+-----
Long Blades    | 2 3 4 |  4.2
Fighting       | 3 |  3.7
Armour         | |  2.4
Shields        | |  2.6

Action                     |  1- 3 |  4- 6 || total
---------------------------+-------+-------++-------
  Melee: Long sword        |    38 |       ||    38
         Bite              |    25 |    16 ||    41
         Rapier            |    65 |    76 ||   141
 Armour: Scale mail        |    43 |    29 ||    72
  Dodge: Dodged            |    44 |    62 ||   106
  Block: Buckler           |    29 |    15 ||    44

Table legend: (Time is in decaauts)
 A = Elapsed time spent in this place.
 B = Non-inter-level travel time spent in this place.
 C = Inter-level travel time spent in this place.
 D = Time resting spent in this place.
 E = Time spent auto-exploring this place.
 F = Levels seen in this place.
 G = Mean time per level.
                   A        B        C        D        E       F      G
               +--------+--------+--------+--------+--------+-----+--------+
         Total |   2250 |   2231 |     19 |      0 |   1748 |   4 |  562.5 |
       Dungeon |   2250 |   2231 |     19 |      0 |   1748 |   4 |  562.5 |
               +--------+--------+--------+--------+--------+-----+--------+

Top non-repeatable levels by time:
     D:3: 842 daAuts
     D:2: 655 daAuts
     D:1: 567 daAuts
     D:4: 184 daAuts
